 Dungeon Crawl Stone Soup version 0.29.1-2-gbd0b4ee654 (webtiles) character file.

Game seed: 9619948373646032608

18384 RascalDebosk the Thaumaturge (level 12, 0/93 HPs)
             Began as a Djinni Conjurer on Oct 23, 2022.
             Was an Initiate of Ashenzari.
             Slain by an eight-headed hydra (9 damage)
             ... on level 13 of the Dungeon on Oct 24, 2022.
             The game lasted 02:18:47 (13576 turns).

RascalDebosk the Thaumaturge (Djinni Conjurer)     Turns: 13576, Time: 02:18:48

Health: 0/93       AC: 14    Str:  6    XL:     12   Next: 94%
Gold:   2264       EV: 13    Int: 23    God:    Ashenzari [......] SH:  7 Dex: 14

rFire   + + +      SeeInvis .   N - +4 scimitar (freeze)
rCold   x . .      Faith    +   I - +2 buckler {AC+3}
rNeg    . . .      Spirit   .   a - +0 troll leather armour
rPois   ∞          Reflect  .   J - +1 helmet
rElec   +          Harm     .   i - +0 cloak
rCorr   +          Rampage  .   h - +2 pair of gloves
Will    ++...                   (boots unavailable)
Stlth   +++.......              x - amulet "Thunder Perfect Mind" {Faith rElec rPois Will+ Stlth+, Fort, Self} (curse)
HPRegen 1.05/turn               k - ring of protection from fire
MPRegen 0.00/turn               F - ring of resist corrosion

@: flying
A: sickness immunity, fire resistance 2, cold vulnerability 1, float, innate
caster, HP casting, extra vitality 1
a: Renounce Religion, Curse Item, Shatter the Chains


You were on level 13 of the Dungeon.
You worshipped Ashenzari.
Ashenzari was noncommittal.
You visited 2 branches of the dungeon, and saw 14 of its levels.

You collected 2788 gold pieces.
You spent 524 gold pieces at shops.

Inventory:

Hand Weapons
 s - a +4 dagger of flaming
 E - a +0 falchion
 N - a +4 scimitar of freezing (weapon)
Missiles
 A - a throwing net {@!f}
Armour
 a - a +0 troll leather armour (worn)
 h - a +2 pair of gloves (worn)
 i - a +0 cloak (worn)
 I - a +2 buckler of protection (worn)
 J - a +1 helmet (worn)
Jewellery
 k - a ring of protection from fire (left hand)
 n - an amulet of the acrobat
 o - a +4 ring of protection
 x - the cursed amulet "Thunder Perfect Mind" (around neck) {Faith rElec rPois Will+ Stlth+, Fort, Self}
   (You acquired it on level 4 of the Dungeon)

   [amulet of faith]

   It allows you to gain divine favour quickly.
   rElec:     It insulates you from electricity.
   rPois:     It protects you from poison.
   Will:      It increases your willpower.
   Stlth:     It makes you more stealthy.
   It has a curse which improves the following skills: Fortitude: Armour and
   Shields.
   Introspection: Fighting and Spellcasting.
 F - a ring of resist corrosion (right hand)
Wands
 q - a wand of paralysis (19)
 z - a wand of roots (30)
 G - a wand of flame (33)
Scrolls
 b - a scroll of fog {unknown}
 d - a scroll of enchant armour {unknown}
 g - 2 scrolls of magic mapping {unknown}
 j - 2 scrolls of immolation
 l - a scroll of brand weapon {unknown}
 m - a scroll of amnesia {unknown}
 t - 5 scrolls of teleportation
 u - 3 scrolls of fear
 y - 2 scrolls of torment
Potions
 c - 8 potions of curing
 e - 4 potions of invisibility
 f - 3 potions of brilliance
 p - 2 potions of cancellation
 r - a potion of degeneration {unknown}
 v - 6 potions of mutation
 w - a potion of ambrosia {unknown}
 B - 2 potions of might {unknown}
 C - 3 potions of attraction
 D - 2 potions of lignification
 H - 2 potions of heal wounds
 L - 2 potions of berserk rage {unknown}
 M - a potion of flight {unknown}


   Skills:
 + Level 10.4(10.9) Fighting
 - Level 4.0(4.4) Armour
 + Level 6.2 Dodging
 - Level 1.5 Stealth
 - Level 4.7(5.1) Shields
 * Level 11.8(12.2) Spellcasting
 - Level 5.0 Evocations


You had 8 spell levels left.
You knew the following spells:

 Your Spells              Type           Power      Damage    Failure   Level
a - Magic Dart            Conj           100%       1d8       1%          1
b - Searing Ray           Conj           100%       2d8       1%          2
c - Dazzling Flash        Conj/Hex       100%       N/A       1%          3
d - Fulminant Prism       Conj/Hex       31%        3d16      1%          4
e - Iskenderun's Mystic   Conj/Tloc      63%        2d13      1%          4
f - Apportation           Tloc           100%       N/A       1%          1
g - Wereblood             Tmut           63%        N/A       1%          2
h - Blink                 Tloc           100%       N/A       1%          2
i - Inner Flame           Hex/Fire       63%        N/A       1%          3
j - Alistair's Intoxicat  Tmut/Pois      42%        N/A       1%          5
Your spell library was empty.

Dungeon Overview and Level Annotations

Branches:
Dungeon (13/15)            Temple (1/1) D:6            Lair (0/5) D:9
    Orc (0/2) D:10
 Vaults: D:13-14

Altars:
Ashenzari
Cheibriados
Dithmenos
Elyvilon
Fedhas
Hepliaklqana
Nemelex Xobeh
Okawaru
Ru
Trog
Uskayaw
Xom
Yredelemnul
Zin
The Shining One

Shops:
D:3 !   D:10 *


Innate Abilities, Weirdness & Mutations

You are immune to sickness and miasma.
You are immune to poison.
Your flesh is very heat resistant. (rF++)
You are vulnerable to cold. (rC-)
You float through the air rather than walking.
You learn spells naturally, not from books.
Your magical power is your life essence.
You have superior vitality. (+4 MHP)


Message History

The eight-headed hydra barely resists.
Casting: Inner Flame (safe; 1% risk of failure)
Confirm with . or Enter, or press ? or * to list all spells.
You erupt in a blast of force!
The mystic blast hits the slime creature!
You kill the slime creature!
The catoblepas is engulfed in blazing flames.
The catoblepas breathes a plume of calcifying dust at you.
The blast of calcifying dust hits you but does no damage.
Casting: Iskenderun's Mystic Blast (mildly dangerous; 1% risk of failure)
Confirm with . or Enter, or press ? or * to list all spells.
Aiming: Inner Flame (safe; 1% risk of failure)
Press: ? - help, Dir - move target, f/p - eight-headed hydra
Aim: an eight-headed hydra (heavily wounded, chance to affect: 78%)
The eight-headed hydra is filled with an intense inner flame!
You are engulfed in calcifying dust.
You are slowing down.
An orc comes into view. It is wielding a +0 hand axe.
Casting: Inner Flame (safe; 1% risk of failure)
Confirm with . or Enter, or press ? or * to list all spells.
You erupt in a blast of force!
The mystic blast hits the eight-headed hydra!
Flame seeps out of the eight-headed hydra.
The eight-headed hydra is heavily wounded.
The eight-headed hydra is knocked back by the mystic blast.
You are engulfed in calcifying dust.
Your limbs have turned to stone.
The eight-headed hydra is engulfed in blazing flames.
Flame seeps out of the eight-headed hydra.
The catoblepas is engulfed in blazing flames.
You have turned to stone.
You are engulfed in calcifying dust.
The catoblepas is engulfed in blazing flames.
The orc is engulfed in calcifying dust.
The orc is moving more slowly.
The cyan ugly thing gurgles horribly!
You hear a horrible gurgling sound!
A komodo dragon comes into view.
The catoblepas breathes a plume of calcifying dust at you.
The blast of calcifying dust hits you!
You are engulfed in calcifying dust.
The orc is engulfed in blazing flames.
The eight-headed hydra bites you!
The eight-headed hydra bites you but does no damage.
The eight-headed hydra bites you!
The eight-headed hydra bites you but does no damage. x3
The eight-headed hydra completely misses you.
The eight-headed hydra bites you but does no damage.
The catoblepas gores you!
* * * LOW HITPOINT WARNING * * *
You are engulfed in calcifying dust.
The eight-headed hydra bites you but does no damage.
The eight-headed hydra completely misses you.
The eight-headed hydra bites you!
* * * LOW HITPOINT WARNING * * *
The eight-headed hydra bites you but does no damage. x2
The eight-headed hydra bites you!
* * * LOW HITPOINT WARNING * * *
The eight-headed hydra bites you.
* * * LOW HITPOINT WARNING * * *
The eight-headed hydra bites you but does no damage.
The catoblepas gores you but does no damage.
A brown ugly thing comes into view.
You are engulfed in calcifying dust.
The eight-headed hydra bites you but does no damage. x2
The eight-headed hydra barely misses you.
The eight-headed hydra bites you.
* * * LOW HITPOINT WARNING * * *
The eight-headed hydra bites you. The eight-headed hydra bites you!
* * * LOW HITPOINT WARNING * * *
The eight-headed hydra bites you. x2
* * * LOW HITPOINT WARNING * * *
The komodo dragon bites you but does no damage.
The catoblepas breathes a plume of calcifying dust at you.
The blast of calcifying dust hits you.
* * * LOW HITPOINT WARNING * * *
The orc stops moving altogether!
The eight-headed hydra bites you!
* * * LOW HITPOINT WARNING * * *
The eight-headed hydra bites you.
* * * LOW HITPOINT WARNING * * *
The eight-headed hydra bites you but does no damage. x2
The eight-headed hydra bites you!
* * * LOW HITPOINT WARNING * * *
The eight-headed hydra bites you.
* * * LOW HITPOINT WARNING * * *
The eight-headed hydra bites you!
* * * LOW HITPOINT WARNING * * *
The eight-headed hydra bites you but does no damage.
The catoblepas gores you!
* * * LOW HITPOINT WARNING * * *
The komodo dragon bites you but does no damage.
You turn to flesh and can move again.
As you read the scroll of fear, it crumbles to dust.
You assume a fearsome visage.
The brown ugly thing looks frightened!
The catoblepas looks frightened!
The komodo dragon resists with some effort.
The orc looks frightened!
The cyan ugly thing looks frightened!
The eight-headed hydra resists with almost no effort.
The eight-headed hydra bites you but does no damage. x2
The eight-headed hydra barely misses you.
You block the eight-headed hydra's attack.
The eight-headed hydra bites you!
You die...

....###.# ...
.....○... #..
....)...##..
...§°......
.......u.. ###
.....○...#...#
......oY...#
.u....D@l.#
.......§.##
......#..#
.......#.#
..... . ..
.#.#.#. ##.
#... .. # ....
..


You could see a catoblepas (fleeing), an eight-headed hydra (inner flame), 2
ugly things, a komodo dragon and an orc (petrified, fleeing).

Vanquished Creatures
  7 two-headed ogres
  A deep elf pyromancer (D:12)
  7 slime creatures
  2 cyclopes (D:11)
  Joseph (D:9)
  A gargoyle (D:11)
  2 kobold demonologists
  2 trolls
  Grinder (D:3)
  A hornet (shapeshifter) (D:13)
  3 wraiths
  5 yaks (D:10)
  A vampire (D:10)
  A wyvern (D:7)
  Grum (D:9)
  4 steam dragons
  4 vampire mosquitoes (D:12)
  An acid dragon (D:12)
  A water moccasin (D:8)
  7 orc warriors
  A black bear (D:5)
  4 ice beasts
  5 ogres
  7 wolves (D:9)
  2 centaurs
  7 kobold brigands
  A phantom (D:7)
  5 bullfrogs
  A necrophage (D:7)
  3 gnoll sergeants
  6 scorpions
  15 wights
  11 killer bees
  7 howler monkeys
  8 electric eels
  A lava snake (D:11)
  6 hounds
  5 orc priests
  5 jellies
  3 gnoll boudas
  Jessica (D:3)
  Ijyb (D:3)
  5 iguanas
  2 orc wizards
  22 gnolls
  11 adders
  A shadow imp (D:5)
  3 white imps
  2 ufetubi
  2 dart slugs (D:5)
  A worm (D:3)
  55 orcs
  9 ball pythons
  6 bats
  4 endoplasms (D:1)
  2 giant cockroaches (D:1)
  6 goblins
  6 hobgoblins
  3 jackals (D:1)
  3 quokkas (D:1)
  6 frilled lizards
  5 kobolds
  5 rats
317 creatures vanquished.

Vanquished Creatures (others)
  68 fulminant prisms
  87 plants
155 creatures vanquished.

Grand Total: 472 creatures vanquished

Notes
Turn   | Place    | Note
-------+----------+-------------------------------------------
     0 | D:1      | RascalDebosk the Djinni Conjurer began the quest for the
                  | Orb.
     0 | D:1      | RascalDebosk set off with the following spells memorised:
                  | Magic Dart, Searing Ray, Dazzling Flash, Fulminant Prism,
                  | Iskenderun's Mystic Blast.
     0 | D:1      | Reached XP level 1. HP: 15/15 MP: 0/0
   298 | D:1      | Reached XP level 2. HP: 19/22 MP: 0/0
   574 | D:1      | Found a faded altar of an unknown god.
   793 | D:1      | Reached skill level 1 in Fighting
   793 | D:1      | Reached XP level 3. HP: 26/27 MP: 0/0
   793 | D:1      | Learned a level 1 spell: Apportation
  1323 | D:2      | Reached XP level 4. HP: 28/32 MP: 0/0
  1497 | D:2      | Reached skill level 4 in Spellcasting
  1710 | D:2      | You are sucked into a shaft and drop 2 floors!
  1760 | D:4      | Reached XP level 5. HP: 31/38 MP: 0/0
  1760 | D:4      | Learned a level 2 spell: Wereblood
  1816 | D:4      | Noticed a centaur
  1820 | D:4      | Killed a centaur
  1821 | D:4      | Reached XP level 6. HP: 38/45 MP: 0/0
  1837 | D:3      | Noticed Ijyb
  1837 | D:3      | Found Seuxax's Distillery.
  1844 | D:3      | Killed Ijyb
  2096 | D:3      | Bought a potion of heal wounds for 50 gold pieces
  2096 | D:3      | Bought a potion of attraction for 30 gold pieces
  2096 | D:3      | Bought a potion of curing for 30 gold pieces
  2543 | D:3      | Noticed Jessica
  2554 | D:3      | Killed Jessica
  2668 | D:3      | Reached XP level 7. HP: 30/49 MP: 0/0
  2668 | D:3      | Learned a level 2 spell: Blink
  2821 | D:3      | Noticed Grinder
  2841 | D:3      | Killed Grinder
  2842 | D:3      | Reached skill level 5 in Spellcasting
  3372 | D:3      | Bought a potion of mutation for 80 gold pieces
  3372 | D:3      | Bought a potion of curing for 30 gold pieces
  3385 | D:4      | Identified 3 scrolls of acquirement
  3385 | D:4      | Acquired the amulet "Xetukk" {Faith rElec rPois Will+
                  | Stlth+}
  3397 | D:4      | Acquired 880 gold pieces
  3405 | D:3      | Bought a potion of curing for 30 gold pieces
  3405 | D:3      | Bought a potion of heal wounds for 50 gold pieces
  3405 | D:3      | Bought a potion of attraction for 30 gold pieces
  3405 | D:3      | Bought a potion of invisibility for 80 gold pieces
  3409 | D:3      | Acquired 702 gold pieces
  3517 | D:4      | Reached skill level 5 in Dodging
  3517 | D:4      | Reached XP level 8. HP: 50/58 MP: 0/0
  4251 | D:4      | Reached skill level 6 in Spellcasting
  4537 | D:5      | Entered Level 5 of the Dungeon
  5239 | D:5      | Reached skill level 5 in Fighting
  5393 | D:5      | Reached skill level 1 in Armour
  5393 | D:5      | Reached XP level 9. HP: 50/65 MP: 0/0
  5393 | D:5      | Learned a level 3 spell: Inner Flame
  5839 | D:6      | Reached skill level 7 in Spellcasting
  6266 | D:6      | Found a staircase to the Ecumenical Temple.
  6275 | Temple   | Entered the Ecumenical Temple
  6316 | Temple   | Became a worshipper of Ashenzari the Shackled
  7367 | D:7      | Found a shadowy altar of Dithmenos.
  7551 | D:7      | Found a sacrificial altar of Ru.
  7785 | D:7      | Reached skill level 8 in Spellcasting
  7795 | D:7      | Reached XP level 10. HP: 36/73 MP: 0/0
  7957 | D:7      | Reached skill level 1 in Evocations
  9197 | D:8      | Noticed a two-headed ogre
  9202 | D:8      | Killed a two-headed ogre
  9203 | D:8      | Reached skill level 9 in Spellcasting
 10182 | D:8      | Reached skill level 1 in Shields
 10186 | D:8      | Reached XP level 11. HP: 68/81 MP: 0/0
 10186 | D:8      | Learned a level 5 spell: Alistair's Intoxication
 10590 | D:8      | Found a sparkling altar of Nemelex Xobeh.
 10592 | D:8      | Found a bloodstained altar of Trog.
 10611 | D:9      | Found an iron altar of Okawaru.
 10648 | D:9      | Noticed Grum
 10971 | D:9      | Killed Grum
 10986 | D:9      | Reached skill level 10 in Spellcasting
 11004 | D:9      | Noticed Joseph
 11024 | D:9      | Killed Joseph
 11111 | D:9      | Found a staircase to the Lair.
 11293 | D:9      | Identified the +2 leather armour "Lefupliu" {+Blink}
 11641 | D:10     | Entered Level 10 of the Dungeon
 11748 | D:10     | Found Mymawnose's General Store.
 11762 | D:10     | Bought a scroll of torment for 114 gold pieces
 11773 | D:10     | Found a staircase to the Orcish Mines.
 12094 | D:10     | Identified the +9 plate armour of Gestures {Int+3}
 12270 | D:11     | Noticed a two-headed ogre
 12275 | D:11     | Killed a two-headed ogre
 12286 | D:11     | Noticed a two-headed ogre
 12292 | D:11     | Killed a two-headed ogre
 12304 | D:11     | Noticed a two-headed ogre
 12309 | D:11     | Killed a two-headed ogre
 12310 | D:11     | Reached XP level 12. HP: 85/91 MP: 0/0
 12391 | D:11     | Noticed a two-headed ogre
 12398 | D:11     | Killed a two-headed ogre
 12399 | D:11     | Reached skill level 11 in Spellcasting
 12695 | D:11     | Reached skill level 5 in Evocations
 12938 | D:12     | Noticed a two-headed ogre
 12945 | D:12     | Killed a two-headed ogre
 12946 | D:12     | Reached skill level 10 in Fighting
 12950 | D:12     | Noticed a two-headed ogre
 12958 | D:12     | Killed a two-headed ogre
 13522 | D:13     | Noticed a catoblepas
 13561 | D:13     | Noticed an eight-headed hydra
 13576 | D:13     | Slain by an eight-headed hydra

Illustrated notes

Levels and vault maps discovered:
D:1:      evilmike_arrival_rings, layout_basic,
          chequers_ecumenical_altar_simple, minmay_indecisive_spiral
D:2:      layout_basic, hangedman_feature_mirror, st_stairs_5,
          uniq_crazy_yiuf_cottage
D:3:      layout_loops_ring, serial_shops, nicolae_shop_crystal,
          chequers_big_river, uniq_grinder, uniq_jessica, uniq_ijyb
D:4:      layout_loops_corners, minmay_pentangle
D:5:      layout_basic
D:6:      layout_basic, minmay_temple_entry_arrows
D:7:      minmay_polygon_palace, layout_rooms, nicolae_ru_sacrificial_ziggurat,
          nicolae_dithmenos_shadow_blocks
D:8:      layout_basic, nicolae_overflow_hidden_temple, serial_bayou,
          serial_bayou_shore_a, serial_bayou_shore_b, serial_bayou_lagoon_a,
          serial_bayou_crossing, serial_bayou_ford_a, serial_bayou_shore_b,
          kennysheep_opposing_triangles
D:9:      layout_cave_pools, okawaru_ov_weapons_minmay, erik_lair_island,
          special_room [special_room_orc], uniq_grum, uniq_joseph
D:10:     layout_basic, orc_0_dummy, serial_shops, shop
D:11:     layout_rooms, nicolae_lava_and_water
D:12:     layout_basic
D:13:     layout_layer_cave, uniq_rupert
Temple:   compressed_dpeg_triangle_lava_temple

Skill      XL: |  1  2  3  4  5  6  7  8  9 10 11 12 |
---------------+-------------------------------------+-----
Fighting       | 1 2 3 5 6 7 9 10 | 10.4
Dodging        | 3 4 5 6 |  6.2
Spellcasting   | 4 5 6 8 9 10 11 | 11.8
Armour         | 1 3 4 |  4.0
Evocations     | 3 5 |  5.0
Shields        | 1 4 |  4.7
Stealth        | |  1.5

Action                   |  1- 3 |  4- 6 |  7- 9 | 10-12 || total
-------------------------+-------+-------+-------+-------++-------
Melee: Unarmed           |       |     3 |       |       ||     3
       Dagger            |       |       |     3 |       ||     3
 Cast: Magic Dart        |    54 |    54 |   150 |   136 ||   394
       Searing Ray       |     1 |    15 |    16 |    37 ||    69
       Iskenderun's Myst |       |     2 |    29 |    86 ||   117
       Fulminant Prism   |       |       |    16 |    52 ||    68
       Inner Flame       |       |       |     3 |    84 ||    87
       Wereblood         |       |       |     1 |       ||     1
Invok: Curse Item        |       |       |       |     1 ||     1
  Use: Scroll            |       |       |     8 |     6 ||    14
       Potion            |       |       |       |     3 ||     3
Armor: Robe              |       |     6 |    18 |     1 ||    25
       Troll leather arm |       |       |       |    27 ||    27
       Steam dragon scal |       |       |       |     3 ||     3
Dodge: Dodged            |     1 |    28 |    25 |    30 ||    84
Block: Buckler           |       |       |       |     9 ||     9
